 Dungeon Crawl Stone Soup version 0.14-a0-586-g2535b90 (webtiles) character file.

106 PolkaDot the Sneak (level 3, 0/24 HPs)
             Began as a Vampire Air Elementalist on Nov 4, 2013.
             Slain by an adder (3 damage)
             ... on Level 2 of the Dungeon.
             The game lasted 00:11:06 (1674 turns).

PolkaDot the Sneak (Vampire Air Elementalist)       Turns: 1674, Time: 00:11:07

HP   0/24        AC  3     Str  7      XL: 3   Next: 62%
MP   0/6         EV 12     Int 18      God:
Gold 53          SH  0     Dex 14      Spells:  1 memorised,  3 levels left

Res.Fire  : . . .   See Invis. : +   j - -1,+0 orc short sword
Res.Cold  : . . .   Warding    : .   a - +0 robe
Life Prot.: . . .   Conserve   : .   (no shield)
Res.Poison: .       Res.Corr.  : .   f - +0 helmet
Res.Elec. : .       Clarity    : .   (no cloak)
Sust.Abil.: . .     Spirit.Shd : .   (no gloves)
Res.Mut.  : .       Stasis     : .   (no boots)
Res.Rott. : .       Flight     : .   (no amulet)
Saprovore : . . .                    (no ring)
                                     h - ring of sustenance {unknown}

@: regenerating quickly, very slightly contaminated, slightly resistant to
hostile enchantments, stealthy
A: fangs 3, see invisible, unbreathing
a: no special abilities


You were on level 2 of the Dungeon.
You were very full.

You visited 1 branch of the dungeon, and saw 2 of its levels.

You collected 53 gold pieces.

Inventory:

Hand weapons
 j - a -1,+0 orcish short sword (weapon)
Armour
 a - a +0 robe (worn)
 f - a +0 helmet (worn)
Scrolls
 c - a scroll of curse armour {unknown}
 d - 3 scrolls of identify {unknown}
 e - a scroll of noise {unknown}
 i - a scroll of teleportation {unknown}
Jewellery
 h - a ring of sustenance (left hand) {unknown}
Books
 b - a book of Air

   Spells                             Type                      Level
   *Shock                             Conjuration/Air              1
   Swiftness                          Charms/Air                   2
   Repel Missiles                     Charms/Air                   2
   Flight                             Charms/Air                   3
   Static Discharge                   Conjuration/Air              3
   Lightning Bolt                     Conjuration/Air              5


   Skills:
 - Level 2.1 Dodging
 - Level 3.0 Stealth
 - Level 1.0 Spellcasting
 * Level 2.6 Conjurations
 - Level 3.0 Air Magic


You had 3 spell levels left.
You knew the following spells:

 Your Spells              Type           Power        Failure   Level  Hunger
s - Shock                 Conj/Air       ##..         8%          1    ##.....


Dungeon Overview and Level Annotations

Branches:
Dungeon (2/27)

Altars:


Innate Abilities, Weirdness & Mutations

Your natural rate of healing is unusually fast.
You have razor-sharp teeth.*
You have supernaturally acute eyesight.
You can survive without breathing.*


Message History

Press: ? - help, Shift-Dir - straight line, f/p - adder
Aim: an adder (lightly wounded)
The zap misses the adder.
The zap hits the kobold.
You kill the kobold!
The adder bites you but does no damage.
You hit the adder.
The adder is heavily wounded.
The adder bites you.
* * * LOW HITPOINT WARNING * * *
You closely miss the adder. Your bite misses the adder.
The adder is heavily wounded.
The adder misses you. The adder bites you but does no damage.
You miss the adder.
The adder is heavily wounded.
The adder bites you.
* * * LOW HITPOINT WARNING * * *
You hit the adder.
The adder is severely wounded.
The adder bites you.
You die...

.#####...####....#.#....##
.<........).......#..S...S.
#.#####...##........#######
#.# #...##.............# #.#
#..###.......#####.# #.# #..#
#....)..# #.# #..# #.......#
#######.#####..####..#########
>...(..........)@S)%..........
....###.#####..####..#########
#.# #..# #..# .. #.# #..# #..#
....###.#####).####..#
....%[...............#
.>..###.#####..#####.# .. #.#
#..#####.#########
###.#####.................


You could see an adder.

Vanquished Creatures
  Ijyb (D:2)
  3 giant cockroaches (D:1)
  5 goblins (D:1)
  3 hobgoblins
  3 jackals (D:1)
  4 kobolds
  A quokka (D:2)
  4 bats (D:1)
  5 giant newts (D:1)
  5 rats
34 creatures vanquished.

Notes
Turn   | Place    | Note
--------------------------------------------------------------
     0 | D:1      | PolkaDot, the Vampire Air Elementalist, began the quest for the Orb.
     0 | D:1      | Reached XP level 1. HP: 13/13 MP: 4/4
   105 | D:1      | Reached skill level 1 in Conjurations
   215 | D:1      | Reached XP level 2. HP: 16/19 MP: 0/5
  1285 | D:2      | Noticed Ijyb
  1527 | D:2      | Killed Ijyb
  1527 | D:2      | Reached XP level 3. HP: 22/24 MP: 4/6
  1674 | D:2      | Slain by an adder

Action                   || total
-------------------------++-------
Melee: Unarmed           ||    38
       Dagger            ||    30
       Short sword       ||    12
 Cast: Shock             ||    55
  Use: Potion            ||     1
